 Dungeon Crawl Stone Soup version 0.30-a0-557-ge2afbf3030 (webtiles) character file.

Game seed: 4852807075249098267

35 Shayle the Conjurer (level 3, 0/22 HPs)
             Began as a Tengu Reaver on Dec 27, 2022.
             Succumbed to an adder's poison
             ... on level 2 of the Dungeon.
             The game lasted 00:02:25 (813 turns).

Shayle the Conjurer (Tengu Reaver)                   Turns: 813, Time: 00:02:26

Health: 0/22       AC:  3    Str: 12    XL:     3   Next: 35%
Magic:  7/7        EV: 12    Int: 15    God:
Gold:   34         SH:  0    Dex: 12    Spells: 5/6 levels left

rFire   . . .      SeeInvis .    a - +0 spear
rCold   . . .      Faith    .    (no shield)
rNeg    . . .      Spirit   .    b - +0 leather armour
rPois   .          Reflect  .    (helmet restricted)
rElec   .          Harm     .    (no cloak)
rCorr   .          Rampage  .    (no gloves)
Will    .....                    (boots unavailable)
Stlth   +                        (no amulet)
HPRegen 0.23/turn                (no ring)
MPRegen 0.10/turn                (no ring)

@: lethally poisoned (0 -> 0), attractive
A: beak, talons 3
a: no special abilities


You were on level 2 of the Dungeon.
You visited 1 branch of the dungeon, and saw 2 of its levels.

You collected 34 gold pieces.

Inventory:

Hand Weapons
 a - a +0 spear (weapon)
Armour
 b - a +0 leather armour (worn)
Scrolls
 c - a scroll of amnesia {unknown}
 d - a scroll of enchant weapon {unknown}
 f - a scroll of immolation {unknown}
Potions
 e - a potion of mutation
 g - a potion of degeneration
 i - a potion of brilliance {unknown}


   Skills:
 + Level 2.6 Fighting
 - Level 3.3 Polearms
 + Level 2.8 Dodging
 + Level 1.4 Stealth
 - Level 2.0 Spellcasting
 - Level 4.0 Conjurations


You had 5 spell levels left.
You knew the following spells:

 Your Spells              Type           Power      Damage    Failure   Level
a - Kiss of Death         Conj/Necr      28%        2d7       12%         1

Your spell library contained the following spells:

 Spells                   Type           Power      Damage    Failure   Level
 Magic Dart               Conj           52%        1d5       5%          1
 Momentum Strike          Conj/Tloc      14%        3d8       19%         2
 Hailstorm                Conj/Ice       7%         3d4       36%         3
 Call Imp                 Summ           1%         N/A       38%         2
 Mephitic Cloud           Conj/Pois/Air  5%         N/A       43%         3


Dungeon Overview and Level Annotations

Branches:
Dungeon (2/15)

Altars:


Innate Abilities, Weirdness & Mutations

You have a beak for a mouth.
You have claws for feet.


Message History

The adder bites you.
You are poisoned.
The adder poisons you!
You closely miss the adder.
The adder is severely wounded.
You feel sick. The adder misses you.
You miss the adder. You claw the adder, but do no damage.
The adder is severely wounded.
You feel sick. The adder closely misses you.
You miss the adder. Your kick misses the adder. Your peck misses the adder.
The adder is heavily wounded.
You feel sick. The adder bites you.
You miss the adder. Your kick misses the adder. Your peck misses the adder.
The adder is heavily wounded.
You feel sick. The adder barely misses you. The adder misses you.
You barely miss the adder. You claw the adder, but do no damage.
The adder is heavily wounded.
The adder bites you.
You are more poisoned.
The adder poisons you!
You closely miss the adder. Your kick misses the adder.
Your peck misses the adder.
The adder is heavily wounded.
You feel sick. The adder bites you.
You barely miss the adder.
The adder is heavily wounded.
You feel sick. The adder bites you.
You miss the adder. Your kick misses the adder.
The adder is heavily wounded.
You feel sick. The adder bites you.
* * * LOW HITPOINT WARNING * * *
The adder bites you but does no damage.
It was a potion of attraction.
You feel attractive to monsters.
You feel sick. The adder bites you.
* * * LOW HITPOINT WARNING * * *
It was a potion of cancellation.
Your magical effects are unravelling.
You feel magically purged.
You die...

##.#..#####.#.#.#......#
#.#.#..##.#†#.#.#..<...#
###....##...#...#..###.#
##...####..#..##...# #
#...#.#.#....###.(.#
##....###.##..###...#
#....#.#.#.#...##>..#
#...####.##.##.##....
#..#.# #. ##@#..#...##
#.#### #. ##S###....
##.# #. #.# ### #. ## ..


You could see an adder.

Vanquished Creatures
  A gnoll (D:1)
  6 ball pythons (D:1)
  4 endoplasms
  2 hobgoblins (D:1)
  A quokka (D:1)
  2 bats
  2 frilled lizards
  8 rats (D:1)
26 creatures vanquished.

Notes
Turn   | Place    | Note
-------+----------+-------------------------------------------
     0 | D:1      | Shayle the Tengu Reaver began the quest for the Orb.
     0 | D:1      | Reached XP level 1. HP: 12/12 MP: 4/4
   141 | D:1      | Reached XP level 2. HP: 15/17 MP: 6/6
   369 | D:1      | Reached skill level 1 in Stealth
   423 | D:1      | Reached XP level 3. HP: 9/22 MP: 7/7
   812 | D:2      | HP: 1/22 [adder (1)]
   813 | D:2      | Succumbed to an adder's poison

Illustrated notes

Levels and vault maps discovered:
D:1:      dpeg_arrival_ratfight, layout_basic
D:2:      wad_crossroads, layout_basic, minmay_misc_feat_alley, st_stairs_6,
          uniq_crazy_yiuf_cottage

Skill      XL: |  1  2 |
---------------+-------+-----
Stealth        | 1 |  1.4
Fighting       | |  2.6
Polearms       | |  3.3
Dodging        | |  2.8
Spellcasting   | |  2.0
Conjurations   | |  4.0

Action                   || total
-------------------------++-------
Melee: Spear             ||    65
       Kick              ||    14
       Peck              ||     8
  Use: Scroll            ||     3
       Potion            ||     2
Armor: Leather armour    ||    14
Dodge: Dodged            ||    31

Table legend: (Time is in decaauts)
 A = Elapsed time spent in this place.
 B = Non-inter-level travel time spent in this place.
 C = Inter-level travel time spent in this place.
 D = Time resting spent in this place.
 E = Time spent auto-exploring this place.
 F = Levels seen in this place.
 G = Mean time per level.
                   A        B        C        D        E       F      G
               +--------+--------+--------+--------+--------+-----+--------+
         Total |    808 |    788 |     20 |     55 |    424 |   2 |  404.0 |
       Dungeon |    808 |    788 |     20 |     55 |    424 |   2 |  404.0 |
               +--------+--------+--------+--------+--------+-----+--------+

Top non-repeatable levels by time:
     D:1: 672 daAuts
     D:2: 136 daAuts
